AoeStats
← joseantonioibanez8

Arena

510239077Analyzed
4v4 RM · 24h ago on Sep 30, 2026· 64m 15s· 8 players
Game mode
Random Map
Map size
Large (8 player)
Population
200
Speed
Normal
Resources
Standard
Victory
Conquest
Starting age
Dark Age
Ending age
Imperial Age
RankedLock teamsTeams togetherTeam positionsShared explorationLock speedFull tech treeHidden civsTurbo modeCheats
Victory
Defeat
🇲🇽 Turks · Mexico
844
+15
🇨🇳 Magyars · China
795
+17
🇺🇸 Slavs · United States
790
+17
🇸🇬 Huns · Singapore
788
+17
🇲🇽 Persians · Mexico
861
-18
🇲🇽 Romans · Mexico
839
-18
🇲🇽 Franks · Mexico
788
-15
🇧🇷 Poles · Brazil
777
-15
mosesdretg
7:17 Loom
12:09 Feudal Age
12:50 Double-Bit Axe
17:32 Castle Age
16:07 Horse Collar
18:29 Bow Saw
18:38 Heavy Plow
20:39 Wheelbarrow
24:54 Hand Cart
30:44 Imperial Age
30:51 Scale Mail Armor
30:58 Onager
33:21 Two-Man Saw
31:52 Pikeman
32:33 Squires
33:33 Chain Mail Armor
33:03 Halberdier
36:22 Plate Mail Armor
36:34 Druzhina
37:28 Siege Onager
42:35 Elite Boyar
46:59 Capped Ram
47:54 Siege Ram
51:05 Forging
51:03 Detinets
51:38 Crop Rotation
Soldaris
2:16 Loom
9:25 Feudal Age
9:55 Double-Bit Axe
10:50 Wheelbarrow
12:53 Horse Collar
15:58 Gold Mining
16:02 Stone Mining
20:12 Castle Age
20:16 Fletching
21:05 Bow Saw
20:56 Heavy Plow
21:14 Hand Cart
22:02 Gold Shaft Mining
29:03 Bodkin Arrow
29:05 Murder Holes
30:44 Forging
30:40 Scale Barding Armor
30:33 Town Watch
30:27 Pikeman
31:07 Squires
32:55 Squires
33:19 Chain Barding Armor
33:35 Iron Casting
34:05 Bloodlines
33:55 Husbandry
36:46 Imperial Age
36:51 Scale Mail Armor
36:55 Marauders
37:35 Halberdier
39:41 Two-Man Saw
40:03 Bracer
41:03 Blast Furnace
40:19 Chain Mail Armor
40:26 Ballistics
41:07 Chemistry
41:28 Plate Barding Armor
41:57 Sanctity
52:37 Conscription
51:41 Elite Tarkan
56:33 Illumination
天坛奇人
10:11 Loom
12:28 Feudal Age
16:00 Castle Age
14:22 Stone Mining
14:19 Double-Bit Axe
14:16 Horse Collar
18:16 Bow Saw
20:56 Heavy Plow
22:05 Heavy Plow
25:07 Gold Mining
30:06 Imperial Age
28:49 Gold Shaft Mining
29:26 Corvinian Army
29:36 Thumb Ring
29:45 Fletching
30:03 Scale Barding Armor
29:58 Padded Archer Armor
31:37 Wheelbarrow
30:48 Town Watch
31:01 Bodkin Arrow
31:44 Parthian Tactics
32:50 Conscription
33:15 Ballistics
33:02 Siege Engineers
33:40 Bloodlines
33:30 Husbandry
36:11 Leather Archer Armor
36:17 Chain Barding Armor
35:40 Elite Magyar Huszar
36:21 Recurve Bow
37:56 Two-Man Saw
38:01 Chemistry
37:50 Heavy Cavalry Archer
39:25 Bracer
39:55 Ring Archer Armor
39:25 Scale Mail Armor
39:49 Hand Cart
42:33 Plate Barding Armor
42:11 Masonry
41:41 Treadmill Crane
41:57 Murder Holes
42:52 Hoardings
41:48 Sappers
43:00 Town Patrol
57:31 Cavalier
joseantonioibanez8
0:30 Loom
10:50 Feudal Age
16:16 Castle Age
14:16 Double-Bit Axe
14:23 Horse Collar
30:05 Imperial Age
28:31 Wheelbarrow
28:38 Bow Saw
28:46 Heavy Plow
30:04 Gold Mining
31:03 Town Watch
31:55 Artillery
32:46 Husbandry
32:57 Bloodlines
33:49 Gold Shaft Mining
33:44 Forging
33:42 Scale Barding Armor
34:11 Conscription
34:47 Hand Cart
34:36 Town Patrol
35:36 Elite Janissary
41:15 Chain Barding Armor
41:32 Iron Casting
43:02 Plate Barding Armor
46:42 Blast Furnace
56:42 Fletching
58:25 Murder Holes
58:51 Ballistics
59:39 Two-Man Saw
munheko
8:38 Loom
10:37 Feudal Age
16:49 Castle Age
15:11 Double-Bit Axe
17:58 Wheelbarrow
18:10 Wheelbarrow
17:51 Bow Saw
17:45 Gold Mining
20:26 Town Watch
21:03 Hand Cart
23:33 Town Patrol
25:35 Stone Mining
27:15 Gold Shaft Mining
31:16 Imperial Age
31:45 Murder Holes
32:17 Ballistics
32:14 Scale Barding Armor
32:20 Forging
32:12 Padded Archer Armor
32:02 Fletching
33:22 Conscription
32:24 Elite Throwing Axeman
33:06 Chivalry
33:34 Chain Barding Armor
33:34 Man-at-Arms
34:01 Gambesons
34:55 Iron Casting
34:07 Cavalier
34:53 Husbandry
34:36 Long Swordsman
36:42 Paladin
38:11 Cranequins
39:37 Squires
38:58 Pikeman
39:36 Halberdier
40:44 Ordonnance Companies
43:21 Plate Barding Armor
43:47 Blast Furnace
43:03 Leather Archer Armor
42:44 Bodkin Arrow
42:28 Heavy Mounted Crossbowman
44:39 Paladin
45:28 Scale Mail Armor
49:06 Siege Engineers
49:12 Masonry
50:45 Coinage
51:58 Banking
Gabuchan8596
11:33 Feudal Age
14:05 Double-Bit Axe
16:52 Castle Age
15:02 Horse Collar
19:11 Bow Saw
19:22 Heavy Plow
20:13 Wheelbarrow
21:07 Gold Mining
22:16 Forging
22:06 Scale Mail Armor
23:26 Hand Cart
24:59 Iron Casting
25:28 Chain Mail Armor
25:35 Stone Mining
26:22 Gold Shaft Mining
25:18 Man-at-Arms
26:36 Squires
26:40 Long Swordsman
32:06 Imperial Age
30:11 Ballistics
30:04 Fortified Wall
29:51 Murder Holes
31:36 Ballistas
31:36 Loom
31:37 Town Watch
33:58 Scale Barding Armor
34:36 Conscription
36:46 Comitatenses
37:46 Bloodlines
37:36 Husbandry
37:11 Heavy Scorpion
40:17 Chemistry
emerson005588
13:03 Feudal Age
17:22 Castle Age
17:34 Bloodlines
22:50 Light Cavalry
23:31 Husbandry
23:39 Scale Barding Armor
23:32 Double-Bit Axe
23:31 Horse Collar
26:12 Bow Saw
26:19 Heavy Plow
27:41 Wheelbarrow
29:43 Gold Mining
29:44 Stone Mining
30:29 Chain Barding Armor
30:20 Forging
34:29 Stone Shaft Mining
34:14 Hand Cart
36:34 Imperial Age
36:10 Loom
37:45 Szlachta Privileges
37:47 Winged Hussar
39:09 Iron Casting
39:19 Cavalier
42:45 Lechitic Legacy
55:32 Blast Furnace
54:38 Scale Mail Armor
58:37 Chemistry
57:48 Fortified Wall
57:34 Murder Holes
Jklmivan
12:24 Feudal Age
13:41 Wheelbarrow
12:54 Double-Bit Axe
12:52 Horse Collar
18:17 Castle Age
17:45 Stone Mining
19:20 Heavy Plow
22:13 Bow Saw
25:33 Gold Mining
25:50 Husbandry
26:06 Bloodlines
29:16 Hand Cart
28:48 Town Watch
30:13 Scale Barding Armor
30:20 Forging
33:25 Imperial Age
30:41 Loom
31:50 Gold Shaft Mining
31:51 Stone Shaft Mining
31:51 Town Patrol
32:35 Chain Barding Armor
32:59 Iron Casting
33:06 Heavy Camel Rider
34:24 Plate Barding Armor
34:13 Conscription
35:09 Chemistry
37:00 Elite War Elephant
40:04 Crop Rotation
40:41 Two-Man Saw
58:20 Guilds
58:10 Caravan
Connection lost

Rejoining the realm…

Still unreachable

The connection could not be restored.

Session expired

The server has moved on; the page needs a fresh start.